 Dungeon Crawl Stone Soup version 0.21-a0-122-g43b3ea6 (webtiles) character file.

369 MatthieuS the Bolt Thrower (level 7, -7/41 HPs)
             Began as a Kobold Hunter on July 13, 2017.
             Mangled by a gnoll
             ... wielding a +0 spear
              (10 damage)
             ... on level 4 of the Dungeon.
             The game lasted 00:08:03 (3303 turns).

MatthieuS the Bolt Thrower (Kobold Hunter)          Turns: 3303, Time: 00:08:04

Health: -7/41      AC:  4    Str: 11    XL:     7   Next: 1%
Magic:  7/7        EV: 16    Int: 12    God:
Gold:   119        SH:  0    Dex: 16    Spells: 6/6 levels left

rFire    . . .     SeeInvis .   w - +1 hand crossbow
rCold    . . .     Gourm    .   (shield restricted)
rNeg     . . .     Faith    .   c - +0 leather armour
rPois    .         Spirit   .   (no helmet)
rElec    .         Reflect  .   (no cloak)
rCorr    .         Harm     .   (no gloves)
MR       +....                  i - +0 pair of boots
Stlth    ++........             (no amulet)
HPRegen  0.13/turn              l - ring of protection from magic
MPRegen  0.10/turn              o - ring of flight

@: very slightly contaminated
A: carnivore 3
a: Evoke Flight


You were on level 4 of the Dungeon.
You were completely stuffed.

You visited 1 branch of the dungeon, and saw 4 of its levels.

You collected 119 gold pieces.

Inventory:

Hand Weapons
 q - a +3 dagger
 r - a +2 vampiric dagger
 w - a +1 hand crossbow (weapon)
 x - a +2 dagger of venom
Missiles
 d - 44 bolts (quivered)
 v - a throwing net
Armour
 c - a +0 leather armour (worn)
 i - a +0 pair of boots (worn)
 s - a +0 helmet
Jewellery
 l - a ring of protection from magic (left hand)
 o - a ring of flight (right hand)
Wands
 n - a wand of lightning (4/15)
Scrolls
 k - a scroll of amnesia {unknown}
 m - 2 scrolls of blinking {unknown}
 p - a scroll of identify {unknown}
 t - a scroll of fear {unknown}
 u - a scroll of teleportation {unknown}
Comestibles
 b - 4 royal jellies
 f - 3 meat rations
 z - 4 chunks of flesh


   Skills:
 + Level 3.2 Fighting
 + Level 3.2 Short Blades
 * Level 6.2 Crossbows
 + Level 2.3 Armour
 + Level 3.4 Dodging
 + Level 3.5 Stealth


You had 6 spell levels left.
You didn't know any spells.

Dungeon Overview and Level Annotations

Branches:
Dungeon (4/15)
 Temple: D:4-7

Altars:
Gozag


Innate Abilities, Weirdness & Mutations

You are small and have problems with some larger weapons.
You are carnivorous and can eat meat at any time.


Message History

* * * LOW HITPOINT WARNING * * *
The gnoll hits you but does no damage.
Firing (i - inventory. (,) - cycle):
d - 46 bolts (quivered)
Press: ? - help, Shift-Dir - straight line, f/p - gnoll
Aim: a gnoll, wielding a spear (severely wounded)
You shoot a bolt.
The bolt hits the gnoll but does no damage.
The gnoll is severely wounded.
The gnoll misses you.
Things that are here:
a -1 dagger; a robe You aren't carrying any potions.
Okay, then.
Firing (i - inventory. (,) - cycle):
d - 45 bolts (quivered)
Press: ? - help, Shift-Dir - straight line, f/p - gnoll
Aim: a gnoll, wielding a spear (severely wounded)
You shoot a bolt. The bolt hits the gnoll.
The gnoll is almost dead.
The gnoll hits you from afar with a spear!
You die...

.### .....####
#......#####
#.@.g..#####
#####g.....###
#..%..........
#....)).).##..
##.....<...#
#.........#
#.......)..#
#..$....?(.#
#.........(.#


You could see 2 gnolls.

Vanquished Creatures
  Sigmund (D:2)
  2 orc wizards (D:4)
  Robin (D:2)
  A gnoll (D:4)
  4 adders
  A worm (D:2)
  4 dart slugs
  5 leopard geckos
  7 orcs
  3 giant cockroaches
  10 goblins
  10 hobgoblins
  10 kobolds
  A quokka (D:3)
  A ball python (D:3)
  4 bats
  8 frilled lizards
  7 rats
80 creatures vanquished.

Notes
Turn   | Place    | Note
-------+----------+-------------------------------------------
     0 | D:1      | MatthieuS the Kobold Hunter began the quest for the Orb.
     0 | D:1      | Reached XP level 1. HP: 12/12 MP: 1/1
   171 | D:1      | Reached skill level 5 in Crossbows
   435 | D:1      | Reached XP level 2. HP: 17/17 MP: 2/2
  1311 | D:2      | Reached XP level 3. HP: 22/22 MP: 3/3
  1582 | D:2      | Noticed Sigmund
  1597 | D:2      | Killed Sigmund
  1597 | D:2      | Reached skill level 1 in Armour
  1597 | D:2      | Reached XP level 4. HP: 28/28 MP: 4/4
  1597 | D:2      | Reached XP level 5. HP: 32/32 MP: 5/5
  1597 | D:2      | Reached XP level 6. HP: 37/37 MP: 6/6
  2019 | D:2      | Noticed Robin
  2039 | D:2      | Killed Robin
  2041 | D:2      | Reached skill level 6 in Crossbows
  2970 | D:3      | Found an opulent altar of Gozag.
  3294 | D:4      | Reached XP level 7. HP: 11/41 MP: 7/7
  3295 | D:4      | HP: 2/41 [gnoll/spear (10)]
  3303 | D:4      | Mangled by a gnoll

Vault maps used:
D:1:      dpeg_arrival_solitude
D:2:      kennysheep_crisscross, uniq_robin, uniq_sigmund
D:3:      minmay_diamond_boxcup, first_bread, kennysheep_flooded_box
D:4:      uniq_pikel

Skill      XL: |  1  2  3  4  5  6 |
---------------+-------------------+-----
Crossbows      | 5 6 |  6.2
Fighting       | 3 |  3.2
Short Blades   | 2 3 |  3.2
Armour         | 1 2 |  2.3
Dodging        | 3 |  3.4
Stealth        | 3 |  3.5

Action                   |  1- 3 |  4- 6 |  7- 9 || total
-------------------------+-------+-------+-------++-------
Melee: Dagger            |    71 |   161 |       ||   232
 Fire: Hand crossbow     |    16 |    26 |     3 ||    45
 Abil: Evoke Flight      |       |     1 |       ||     1
  Use: Potion            |       |     3 |       ||     3
       Scroll            |       |     2 |       ||     2
 Stab: Sleeping          |     6 |     8 |       ||    14
       Distracted        |       |     2 |       ||     2
  Eat: Chunk             |    10 |    15 |       ||    25
Armor: Leather armour    |    24 |    28 |       ||    52
       Skin              |       |     4 |       ||     4
Dodge: Dodged            |    54 |   115 |     1 ||   170
